 Dungeon Crawl Stone Soup version 0.23-a0-319-gb40ba49 (webtiles) character file.

95 Garbasso the Skirmisher (level 4, -3/48 HPs)
             Began as an Ogre Skald on Oct 14, 2018.
             Slain by an orc
             ... wielding a +0 trident
              (9 damage)
             ... on level 3 of the Dungeon.
             The game lasted 00:08:50 (3061 turns).

Garbasso the Skirmisher (Ogre Skald)                Turns: 3061, Time: 00:08:51

Health: -3/48      AC:  3    Str: 15    XL:     4   Next: 66%
Magic:  5/8        EV: 10    Int: 15    God:
Gold:   125        SH:  0    Dex:  8    Spells: 3/9 levels left

rFire    . . .     SeeInvis .   a - +1 spear
rCold    . . .     Gourm    .   (no shield)
rNeg     . . .     Faith    .   b - +0 robe
rPois    .         Spirit   .   (helmet restricted)
rElec    .         Reflect  .   (no cloak)
rCorr    .         Harm     .   (gloves unavailable)
MR       .....                  (boots unavailable)
Stlth    +.........             (no amulet)
HPRegen  0.16/turn              (no ring)
MPRegen  0.11/turn              (no ring)

@: no status effects
A: large, unfitting armour, tough skin 1
a: no special abilities


You were on level 3 of the Dungeon.
You were hungry.

You visited 1 branch of the dungeon, and saw 3 of its levels.

You collected 125 gold pieces.

Inventory:

Hand Weapons
 a - a +1 spear (weapon)
Missiles
 c - 31 stones (quivered)
Armour
 b - a +0 robe (worn)
Scrolls
 i - a scroll of fear
Potions
 e - a potion of lignification
 f - a potion of haste
 g - a potion of degeneration {unknown}
Comestibles
 d - 5 rations
 m - 2 chunks of flesh


   Skills:
 + Level 4.0 Fighting
 * Level 3.8 Polearms
 - Level 2.1 Dodging
 - Level 3.0 Spellcasting
 - Level 2.6 Charms


You had 3 spell levels left.
You knew the following spells:

 Your Spells              Type           Power        Failure   Level  Hunger
a - Infusion              Chrm           ##..         7%          1    #......
b - Shroud of Golubria    Chrm/Tloc      #.........   17%         2    ##.....
c - Regeneration          Chrm/Necr      #.........   34%         3    ###....

Your spell library contained the following spells:

 Spells                   Type           Power        Failure   Level  Hunger
 Song of Slaying          Chrm           ##......     10%         2    ##.....
 Confusing Touch          Hex            #.....       21%         1    #......
 Spectral Weapon          Hex/Chrm       #.......     34%         3    ###....
 Confuse                  Hex            #.......     52%         3    ###....
 Gell's Gravitas          Tloc           #.........   52%         3    ###....
 Petrify                  Tmut/Erth      #.......     89%         4    #####..
 Metabolic Englaciation   Hex/Ice        #.........   99%         5    ######.
 Yara's Violent Unravell  Hex/Tmut       #.........   99%         5    ######.


Dungeon Overview and Level Annotations

Branches:
Dungeon (3/15)

Altars:
Zin


Innate Abilities, Weirdness & Mutations

You are too large for most types of armour.
You have tough skin. (AC +1)


Message History

You hit the orc priest but do no damage.
The orc priest is moderately wounded.
The orc priest hits you with a mace. The orc hits you with a dagger.
The orc misses you.
You hit the orc priest but do no damage.
The orc priest is moderately wounded.
The orc hits you with a dagger.
The orc priest looks satisfied for a moment.
The orc hits you from afar with a trident.
You hit the orc priest but do no damage.
The orc priest is moderately wounded.
The orc barely misses you. The orc priest misses you.
The orc closely misses you. The orc hits you with a dagger.
The orc priest hits you with a mace.
* * * LOW HITPOINT WARNING * * *
The orc hits you from afar with a trident.
* * * LOW HITPOINT WARNING * * *
You are no longer magically infusing your attacks.
The orc hits you from afar with a trident!
You die...

,*,,**,,,,,*#.,*,,##⌠#*,,*,**
,**,****,***#.,**,.##*,,**,**
,**,,,,,,,,,,..**#..,,,,,,,,*
,**,***,,,**,*.##..***,***,,*
,**,* *,,,**,,,...** *,* *,,*
,**,* ***,*****#.#*
*,***,,***** ,**,*
#.######÷### *,,,,,,,,,,,
.**,* #..........#
**,,**,***** .**,*
######..@o)####..#*,* .##,*
#......oo.......,,*
..#.#######.##...........#***
#.#.........###...#####.##
#.######.###.###.###***,# #.#
#.# #......[.,,,,*
#.######.###.###.###*****
.............>...#
#.##.#####...#####


You could see an orc priest and 2 orcs.

Vanquished Creatures
  3 adders (D:2)
  4 oozes
  A worm (D:2)
  3 dart slugs
  A leopard gecko (D:1)
  An orc (D:3)
  4 bats
  9 goblins
  5 hobgoblins
  3 kobolds
  A quokka (D:2)
  3 frilled lizards
  4 rats (D:2)
42 creatures vanquished.

Notes
Turn   | Place    | Note
-------+----------+-------------------------------------------
     0 | D:1      | Garbasso the Ogre Skald began the quest for the Orb.
     0 | D:1      | Reached XP level 1. HP: 22/22 MP: 3/3
   340 | D:1      | Reached XP level 2. HP: 27/29 MP: 5/5
   347 | D:1      | Reached skill level 3 in Fighting
   534 | D:1      | Reached XP level 3. HP: 11/37 MP: 1/7
   750 | D:1      | Learned a level 2 spell: Shroud of Golubria
   754 | D:1      | Learned a level 3 spell: Regeneration
  1268 | D:2      | Found a glowing silver altar of Zin.
  1510 | D:2      | Reached XP level 4. HP: 43/48 MP: 0/8
  2983 | D:3      | Reached skill level 4 in Fighting
  3061 | D:3      | Slain by an orc

Vault maps used:
D:1:      lightli_arrival_quake
D:2:      zin_treasury, serial_co_window_serial, co_window_cross_1,
          co_window_paths_a, co_window_paths_b, co_window_paths_a,
          co_window_paths_b, co_window_corner_a, co_window_paths_a,
          co_window_of_opportunity_c, co_window_of_opportunity_b,
          co_window_paths_c, co_window_unsneaky_path_c, co_window_corner_cb,
          co_window_corner_b, co_window_corner_cb, co_window_4corner_b,
          co_window_paths_d, first_ration
D:3:      old_standard_altar, fedhas_altar_2, hellmonk_ghost_happy_afterlife,
          feat_on_display, uniq_natasha

Skill      XL: |  1  2  3  4 |
---------------+-------------+-----
Fighting       | 3 4 |  4.0
Spellcasting   | 3 |  3.0
Polearms       | 3 |  3.8
Dodging        | |  2.1
Charms         | |  2.6

Action                   |  1- 3 |  4- 6 || total
-------------------------+-------+-------++-------
Melee: Spear             |    96 |    88 ||   184
Throw: Stone             |     3 |       ||     3
 Cast: Infusion          |     6 |     2 ||     8
       Shroud of Golubri |     4 |     6 ||    10
  Use: Scroll            |       |     8 ||     8
 Stab: Sleeping          |       |     1 ||     1
  Eat: Chunk             |     2 |     5 ||     7
Armor: Robe              |    16 |    18 ||    34
Dodge: Dodged            |    36 |    39 ||    75

Table legend:
 A = Non-vault XP
 B = Vault XP
 C = Vault XP percentage of total XP
 D = Non-vault monster count
 E = Vault monster count
 F = Vault count percentage of total count
                 A         B        C        D         E       F
            +---------+---------+-------+---------+---------+-------
      Total |     137 |       0 |   0.0 |      42 |       0 |   0.0
            +---------+---------+-------+---------+---------+-------
        D:1 |      42 |       0 |   0.0 |      15 |       0 |   0.0
        D:2 |      83 |       0 |   0.0 |      23 |       0 |   0.0
        D:3 |      12 |       0 |   0.0 |       4 |       0 |   0.0
            +---------+---------+-------+---------+---------+-------
